 Dungeon Crawl Stone Soup version 0.19-a0-975-gfff5315 (webtiles) character file.

27 4thArraOfDagon the Insei (level 2, -2/22 HPs)
             Began as a Demigod Transmuter on July 13, 2016.
             Slain by a goblin
             ... wielding a +0 club
              (3 damage)
             ... on level 2 of the Dungeon.
             The game lasted 00:01:39 (295 turns).

4thArraOfDagon the Insei (Demigod Transmuter)        Turns: 295, Time: 00:01:40

Health: -2/22      AC:  2    Str: 13    XL:     2   Next: 72%
Magic:  7/7        EV: 13    Int: 17    God:
Gold:   34         SH:  0    Dex: 16    Spells: 1 memorised, 4 levels left

rFire  . . .     SeeInvis .       - Unarmed
rCold  . . .     Gourm    .     b - +0 robe
rNeg   . . .     Faith    .     (no shield)
rPois  .         Spirit   .     (no helmet)
rElec  .         Dismiss  .     (no cloak)
rCorr  .         Reflect  .     (no gloves)
SustAt +         Harm     .     (boots currently unavailable)
MR     .....                    (no amulet)
Stlth  +.........               (no ring)
                                (no ring)

@: appendage (expiring), not resistant to hostile enchantments, very unstealthy
A: talons 3, high mp 1, sustain attributes
a: End Transformation


You were on level 2 of the Dungeon.
You were not hungry.
You had grown temporary talons.
You visited 1 branch of the dungeon, and saw 2 of its levels.

You collected 34 gold pieces.

Inventory:

Missiles
 a - 12 arrows
Armour
 b - a +0 robe (worn)
Scrolls
 e - a scroll of immolation {unknown}
 f - a scroll of identify {unknown}
 g - a scroll of blinking {unknown}
 h - a scroll of remove curse {unknown}
Books
 c - a book of Changes

   Spells                             Type                      Level
   a - Beastly Appendage              Transmutation                1
   b - Sticks to Snakes               Transmutation                2
   c - Spider Form                    Transmutation/Poison         3
   d - Ice Form                       Ice/Transmutation            4
   e - Blade Hands                    Transmutation                5
Comestibles
 d - a bread ration


   Skills:
 - Level 0.8 Fighting
 - Level 2.0 Dodging
 * Level 3.2 Unarmed Combat
 + Level 2.1 Spellcasting
 + Level 2.0 Transmutations


You had 4 spell levels left.
You knew the following spells:

 Your Spells              Type           Power        Failure   Level  Hunger
a - Beastly Appendage     Tmut           #.....       10%         1    #......


Dungeon Overview and Level Annotations

Branches:
Dungeon (2/15)


Innate Abilities, Weirdness & Mutations

You have an increased reservoir of magic. (+10% MP)
Your attributes are resistant to harm.
You have claws for feet.


Message History

Found a scroll labeled UFYCZE NAAVU.
You closely miss the rat. The rat bites you but does no damage.
You hit the rat but do no damage. The rat bites you.
* * * LOW HITPOINT WARNING * * *
Unknown command.
You hit the rat.
You kill the rat!
A goblin comes into view. It is wielding a club.
Found 16 gold pieces.
Your transformation is almost over.
Unknown command.
You closely miss the goblin. Your kick misses the goblin.
The goblin closely misses you.
You closely miss the goblin. The goblin hits you but does no damage.
You barely miss the goblin. Your kick misses the goblin.
Your punch misses the goblin. You closely miss the goblin. You claw the goblin.
The goblin is heavily wounded.
The goblin hits you with a club.
You die...

## #. # #. #.##.######
#....g@...#
##....###†# #....#...#
#.?..#.###############
#....#...............#
#....###############.#
#....# #.. +....# ###
#..$## #


You could see a goblin.

Vanquished Creatures
  An adder (D:2)
  A dart slug (D:1)
  2 giant geckos (D:1)
  A giant cockroach (D:1)
  A goblin (D:1)
  3 hobgoblins (D:1)
  A ball python (D:1)
  2 bats (D:1)
  2 rats (D:2)
14 creatures vanquished.

Notes
Turn   | Place    | Note
-------+----------+-------------------------------------------
     0 | D:1      | 4thArraOfDagon the Demigod Transmuter began the quest for the Orb.
     0 | D:1      | Reached XP level 1. HP: 15/15 MP: 5/5
     6 | D:1      | Noticed a worker ant
     6 | D:1      | Noticed an iguana
     6 | D:1      | Noticed a black mamba
     6 | D:1      | Noticed a black bear
   133 | D:1      | Reached XP level 2. HP: 6/22 MP: 7/7
   181 | D:1      | Reached skill level 3 in Unarmed Combat
   279 | D:2      | HP: 1/22 [adder (2)]
   287 | D:2      | HP: 1/22 [rat (1)]
   295 | D:2      | Slain by a goblin

Vault maps used:
D:1:      onia_arrival_zoo_common
D:2:      minmay_misc_feat_square, uniq_terence

Skill      XL: |  1  2 |
---------------+-------+-----
Dodging        | 2 |  2.0
Spellcasting   | 2 |  2.1
Unarmed Combat | 3 |  3.2
Transmutations | 2 |  2.0
Fighting       | |  0.8

Action                   || total
-------------------------++-------
Melee: Unarmed           ||    51
       Kick              ||    10
       Headbutt          ||     1
 Cast: Beastly Appendage ||     9
  Use: Potion            ||     1
Armor: Robe              ||     7
Dodge: Dodged            ||    31
